 Dungeon Crawl Stone Soup version 0.30-a0-779-g7971cf19c3 (webtiles) character file.

Game seed: 13465093254836044246

644 Newt the Skirmisher (level 7, 0/43 HPs)
             Began as a Kobold Hunter on Feb 17, 2023.
             Slain by a killer bee (5 damage)
             ... on level 5 of the Dungeon.
             The game lasted 00:03:20 (3776 turns).

Newt the Skirmisher (Kobold Hunter)                 Turns: 3776, Time: 00:03:21

Health: 0/43       AC:  5    Str:  8    XL:     7   Next: 82%
Magic:  7/7        EV: 17    Int: 14    God:
Gold:   195        SH:  0    Dex: 26    Spells: 6/6 levels left

rFire   . . .      SeeInvis .    k - +9 shortbow of Otamaklu {freeze, *Slow Int+4}
rCold   . . .      Faith    .    (shield currently unavailable)
rNeg    . . .      Spirit   .    y - +0 leather armour of Yredelemnul's Delight {*Corrode rPois Will++ Dex+5}
rPois   +          Reflect  .    s - +1 hat
rElec   .          Harm     .    (no cloak)
rCorr   .          Rampage  .    l - +0 pair of gloves
Will    ++...                    (no boots)
Stlth   +++                      (no amulet)
HPRegen 0.27/turn                (no ring)
MPRegen 0.10/turn                (no ring)

@: lethally poisoned (0 -> -11)
A: small, no large weapons, nightstalker 3
a: no special abilities


You were on level 5 of the Dungeon.
You visited 1 branch of the dungeon, and saw 5 of its levels.

You collected 195 gold pieces.

Inventory:

Hand Weapons
 a - a +0 shortbow
 k - the +9 shortbow of Otamaklu (weapon) {freeze, *Slow Int+4}
   (You acquired it on level 3 of the Dungeon)

   Int:       It affects your intelligence (+4).
   *Slow:     It may slow you when you take damage.
Missiles
 t - a throwing net
Armour
 c - a +0 leather armour
 j - the +1 leather armour of Hysteria {*Slow rElec Regen+ SInv}
   (You took it off a hobgoblin on level 2 of the Dungeon)

   rElec:     It insulates you from electricity.
   SInv:      It lets you see invisible.
   Regen:     It increases your rate of health regeneration.
   *Slow:     It may slow you when you take damage.
 l - a +0 pair of gloves (worn)
 s - a +1 hat (worn)
 y - the +0 leather armour of Yredelemnul's Delight (worn) {*Corrode rPois Will++ Dex+5}
   (You found it on level 4 of the Dungeon)

   Dex:       It affects your dexterity (+5).
   rPois:     It protects you from poison.
   *Corrode:  It may corrode you when you take damage.
   Will:      It greatly increases your willpower.
Jewellery
 e - a ring of fire
Wands
 i - a wand of iceblast (7)
Scrolls
 b - 2 scrolls of immolation
 o - a scroll of teleportation
 p - a scroll of silence {unknown}
 v - a scroll of fear
 w - a scroll of noise {unknown}
Potions
 d - 3 potions of heal wounds
 f - a potion of attraction
 g - 2 potions of ambrosia
 h - a potion of curing
 n - a potion of lignification
 q - a potion of might
 r - a potion of cancellation
 u - a potion of flight
 x - a potion of brilliance {unknown}


   Skills:
 - Level 4.0 Fighting
 - Level 10.0 Ranged Weapons
 + Level 4.7 Dodging
 - Level 1.3 Stealth


You had 6 spell levels left.
You didn't know any spells.
Your spell library contained the following spells:

 Spells                   Type           Power      Damage    Failure   Level
 Foxfire                  Conj/Fire      0%         2x1d4     38%         1
 Necrotise                Necr           0%         1d4       38%         1
 Vampiric Draining        Necr           0%         2d6       77%         3
 Agony                    Necr           0%         N/A       100%        5
 Fireball                 Conj/Fire      0%         3d3       100%        5
 Starburst                Conj/Fire      0%         6d3       100%        6


Dungeon Overview and Level Annotations

Branches:
Dungeon (5/15)
 Temple: D:4-7

Altars:
Makhleb
Trog


Innate Abilities, Weirdness & Mutations

You are small and have problems with some larger weapons.
You are completely attuned to the shadows.


Message History

A killer bee comes into view.
The killer bee stings you but does no damage.
The killer bee stings you. The killer bee barely misses you.
You shoot an arrow. The arrow hits the killer bee!
The arrow freezes the killer bee.
You kill the killer bee!
The killer bee stings you but does no damage.
The killer bee misses you. The killer bee closely misses you.
The killer bee stings you but does no damage. x2
The killer bee closely misses you.
Your Dodging skill increases to level 4!
You shoot an arrow. The arrow barely misses the killer bee.
The killer bee closely misses you. The killer bee misses you.
The killer bee barely misses you. x2
A phantom comes into view.
The killer bee completely misses you. x2; The killer bee closely misses you.
The killer bee stings you but does no damage.
Unknown command.
You shoot an arrow. The arrow hits the killer bee!
The arrow freezes the killer bee.
You kill the killer bee!
The killer bee stings you but does no damage.
The killer bee misses you. The killer bee closely misses you.
The killer bee stings you but does no damage.
The killer bee barely misses you. x2
The killer bee attacks as you move away!
The killer bee stings you.
The killer bee attacks as you move away!
The killer bee stings you.
You are poisoned.
The killer bee poisons you!
You feel sick. The killer bee barely misses you.
The killer bee completely misses you. The killer bee closely misses you.
The killer bee stings you!
* * * LOW HITPOINT WARNING * * *
You are lethally poisoned!
The killer bee poisons you!
You see here a killer bee corpse.
The killer bee attacks as you move away!
The killer bee stings you.
You die...

######
...W.##
...yyy#
♣.##@##
##.#
♣.##.##
♣.#...#
♣....##
♣....##
♣.....##
.......#
♣......#


You could see a phantom and 3 killer bees.

Vanquished Creatures
  Grinder (D:3)
  3 killer bees (D:5)
  An orc priest (D:3)
  2 hounds
  2 iguanas (D:5)
  An orc wizard (D:4)
  3 gnolls (D:4)
  6 adders
  A worm (D:3)
  4 dart slugs
  5 orcs
  4 ball pythons
  6 bats
  4 endoplasms
  3 giant cockroaches (D:2)
  6 goblins
  4 hobgoblins
  11 jackals
  2 kobolds (D:2)
  A quokka (D:5)
  2 frilled lizards
  2 rats
74 creatures vanquished.

Vanquished Creatures (others)
  3 plants (D:4)
3 creatures vanquished.

Grand Total: 77 creatures vanquished

Notes
Turn   | Place    | Note
-------+----------+-------------------------------------------
     0 | D:1      | Newt the Kobold Hunter began the quest for the Orb.
     0 | D:1      | Reached XP level 1. HP: 12/12 MP: 1/1
   708 | D:1      | Reached XP level 2. HP: 18/18 MP: 2/2
  1058 | D:2      | Reached XP level 3. HP: 8/23 MP: 3/3
  1216 | D:2      | Identified the +1 leather armour of Hysteria {*Slow rElec
                  | Regen+ SInv}
  1232 | D:2      | Reached XP level 4. HP: 23/29 MP: 4/4
  1361 | D:2      | Reached skill level 6 in Ranged Weapons
  1506 | D:2      | Found a bloodstained altar of Trog.
  1892 | D:3      | Identified a scroll of acquirement
  1892 | D:3      | Acquired the +9 shortbow of Otamaklu {freeze, *Slow Int+4}
  2003 | D:3      | Identified the quicksilver dragon scales of Vehumet's
                  | Approval {rF+ rC+ Will+ Str+5 Int-2}
  2738 | D:3      | Noticed Grinder
  2739 | D:3      | Reached XP level 5. HP: 30/33 MP: 5/5
  2741 | D:3      | Reached skill level 7 in Ranged Weapons
  2751 | D:3      | Killed Grinder
  2752 | D:3      | Reached skill level 9 in Ranged Weapons
  2752 | D:3      | Reached XP level 6. HP: 29/38 MP: 6/6
  2974 | D:4      | Found a burning altar of Makhleb.
  3143 | D:4      | Reached XP level 7. HP: 43/43 MP: 7/7
  3214 | D:4      | Identified the +0 leather armour of Yredelemnul's Delight
                  | {*Corrode rPois Will++ Dex+5}
  3730 | D:5      | Entered Level 5 of the Dungeon
  3733 | D:5      | Reached skill level 10 in Ranged Weapons
  3776 | D:5      | Slain by a killer bee

Illustrated notes

Levels and vault maps discovered:
D:1:      mrwooster_arrival_statue_2, layout_basic, glass_columns_c
D:2:      layout_basic, basic_altar, supply_closet_lemuel
D:3:      layout_basic, uniq_grinder
D:4:      layout_rooms, mainiacjoe_overflow_alcove_2, serial_bayou,
          serial_bayou_ford_a, serial_bayou_pond_c, serial_bayou_crossing,
          serial_bayou_shore_a
D:5:      layout_cave_pools, mainiacjoe_overflow_cross_hatched

Skill      XL: |  1  2  3  4  5  6  7 |
---------------+----------------------+-----
Fighting       | 3 4 |  4.0
Ranged Weapons | 6 9 10 | 10.0
Dodging        | 4 |  4.7
Stealth        | |  1.3

Action                     |  1- 3 |  4- 6 |  7- 9 || total
---------------------------+-------+-------+-------++-------
   Fire: Shortbow          |    64 |    87 |    29 ||   180
    Use: Scroll            |       |     4 |     5 ||     9
         Potion            |       |     1 |     1 ||     2
 Armour: Leather armour    |    19 |    20 |     8 ||    47
  Dodge: Dodged            |    47 |    42 |    27 ||   116

Table legend: (Time is in decaauts)
 A = Elapsed time spent in this place.
 B = Non-inter-level travel time spent in this place.
 C = Inter-level travel time spent in this place.
 D = Time resting spent in this place.
 E = Time spent auto-exploring this place.
 F = Levels seen in this place.
 G = Mean time per level.
                   A        B        C        D        E       F      G
               +--------+--------+--------+--------+--------+-----+--------+
         Total |   3850 |   3683 |    167 |     73 |   3180 |   5 |  770.0 |
       Dungeon |   3850 |   3683 |    167 |     73 |   3180 |   5 |  770.0 |
               +--------+--------+--------+--------+--------+-----+--------+

Top non-repeatable levels by time:
     D:3: 1017 daAuts
     D:1: 980 daAuts
     D:2: 942 daAuts
     D:4: 862 daAuts
     D:5: 46 daAuts
